 Dungeon Crawl Stone Soup version 0.17-a0-981-gf8a484a (webtiles) character file.

133 Kisielow the Insei (level 5, -2/37 HPs)
             Began as a Merfolk Transmuter on May 11, 2015.
             Slain by Blork the orc
             ... wielding a +0 scimitar
              (8 damage)
             ... on level 4 of the Dungeon.
             The game lasted 00:08:48 (2507 turns).

Kisielow the Insei (Merfolk Transmuter)             Turns: 2507, Time: 00:08:48

Health: -2/37      AC:  4    Str: 14    XL:     5   Next: 16%
Magic:  1/8        EV: 13    Int: 13    God:
Gold:   144        SH:  0    Dex: 14    Spells: 2 memorised, 4 levels left

rFire  . . .     SeeInvis .       - Unarmed
rCold  . . .     Clarity  .     b - +1 robe
rNeg   + . .     SustAb   .     (no shield)
rPois  .         Gourm    .     (no helmet)
rElec  .         Spirit   .     r - +0 cloak
rCorr  .         Warding  .     (no gloves)
rMut   .         Stasis   .     (no boots)
MR     .....                    (no amulet)
Stlth  +.........               v - +3 ring of strength
                                h - ring of positive energy

@: not resistant to hostile enchantments, very unstealthy
A: change form in water, swift swim
a: no special abilities


You were on level 4 of the Dungeon.
You were hungry.

You visited 1 branch of the dungeon, and saw 4 of its levels.

You collected 144 gold pieces.

Inventory:

Missiles
 a - 32 arrows
 o - 14 arrows of dispersal
 w - 6 arrows of frost
Armour
 b - a +1 robe (worn)
 r - a +0 cloak (worn)
Jewellery
 h - a ring of positive energy (left hand)
 v - a +3 ring of strength (right hand)
Scrolls
 f - 4 scrolls of identify
 i - a scroll of remove curse
 m - 3 scrolls of magic mapping
 s - a scroll of fear {unknown}
 u - a scroll of teleportation {unknown}
Potions
 e - 2 potions of brilliance
 g - a potion of magic
 k - 4 potions of flight
 p - a potion of agility {unknown}
 t - a potion of heal wounds {unknown}
Books
 c - a book of Changes

   Spells                             Type                      Level
   a - Beastly Appendage              Transmutation                1
   b - Sticks to Snakes               Transmutation                2
   c - Spider Form                    Transmutation/Poison         3
   d - Ice Form                       Ice/Transmutation            4
   e - Blade Hands                    Transmutation                5
Comestibles
 d - 3 bread rations
 j - a slice of pizza
 l - 3 chunks of flesh
 n - 3 meat rations


   Skills:
 + Level 1.1 Fighting
 - Level 2.6 Dodging
 + Level 4.7 Unarmed Combat
 - Level 2.0 Spellcasting
 - Level 4.6 Transmutations
 - Level 2.1 Poison Magic


You had 4 spell levels left.
You knew the following spells:

 Your Spells              Type           Power        Failure   Level  Hunger
a - Beastly Appendage     Trmt           ##....       4%          1    ##.....
s - Spider Form           Trmt/Pois      ##........   21%         3    ####...


Dungeon Overview and Level Annotations

Branches:
Dungeon (4/15)
 Temple: D:4-7

Altars:

Annotations:
D:3 Virusyak's ghost, average KoBe
D:4 Blork the orc


Message History

Casting: Spider Form
Confirm with . or Enter, or press ? or * to list all spells.
You miscast Spider Form.
You are very lightly contaminated with residual magic.
Nothing appears to happen.
Blork the orc points at you and mumbles some strange words.
The puff of frost hits you!
Casting: Spider Form
Confirm with . or Enter, or press ? or * to list all spells.
You miscast Spider Form.
You feel faint for a moment. Blork the orc casts a spell at you.
The puff of flame hits you! Blork the orc misses you.
Blork the orc hits you with a scimitar!
* * * LOW HITPOINT WARNING * * *
Drink which item? (? for menu, Esc to quit)
It was a potion of cancellation.
Your magical contamination has completely faded away.
You feel magically purged. Blork the orc hits you with a scimitar!
You die...

* *.<.* * *,#.###
**** *,#...# ,,,*
*,###.# **,* *,*
#.# ,,,* *,* #.#
*,,* *,* #.#
*,,***** *,* #o#
,,,,,,,* *,* #@#
,,,,,,,* *,*
#.#### ,,,,,,,*
*,* #....#
,,,,,,,*****,*
#.####
,,,,,,,,,,,,,*
#.#
**,########***
#.#
*,#..<...######.#
*,#.............#
*,#.###########.#


You could see Blork the orc.

Vanquished Creatures
  A hound (D:4)
  A worker ant zombie (D:3)
  3 adders
  An adder zombie (D:3)
  An adder skeleton (D:3)
  2 worms (D:2)
  6 bats
  2 bat skeletons (D:3)
  A bat zombie (D:3)
  A giant cockroach (D:1)
  9 hobgoblins
  7 kobolds
  A ball python (D:3)
  A giant newt (D:1)
  4 goblins
  4 jackals
  2 quokkas (D:2)
  12 rats
59 creatures vanquished.

Notes
Turn   | Place    | Note
--------------------------------------------------------------
     0 | D:1      | Kisielow, the Merfolk Transmuter, began the quest for the Orb.
     0 | D:1      | Reached XP level 1. HP: 15/15 MP: 3/3
   230 | D:1      | Reached XP level 2. HP: 18/21 MP: 3/5
   294 | D:1      | Reached skill level 4 in Unarmed Combat
   347 | D:1      | You fall through a shaft!
   536 | D:2      | Reached XP level 3. HP: 13/26 MP: 4/6
   660 | D:2      | Learned a level 3 spell: Spider Form
  1307 | D:1      | Reached skill level 1 in Poison Magic
  1773 | D:2      | Reached XP level 4. HP: 28/32 MP: 5/7
  2405 | D:3      | Noticed Virusyak's ghost (average KoBe)
  2476 | D:4      | Reached XP level 5. HP: 26/37 MP: 4/8
  2497 | D:4      | Noticed Blork the orc
  2507 | D:4      | Slain by Blork the orc

Vault maps used:
D:1:      dpeg_arrival_refuge, kennysheep_crisscross
D:2:      first_bread
D:3:      serial_undead, serial_undead_a, serial_undead_f, serial_undead_e,
          serial_undead_b, serial_undead_f, serial_undead_c, serial_undead_c
D:4:      minmay_temple_entry_trees, portal_sewer_entry_a, abandoned_shop,
          uniq_blork_the_orc, uniq_grinder, uniq_robin, uniq_sigmund

Action                   |  1- 3 |  4- 6 || total
-------------------------+-------+-------++-------
Melee: Unarmed           |   118 |    76 ||   194
 Cast: Beastly Appendage |    16 |     8 ||    24
       Spider Form       |     1 |     4 ||     5
 Abil: End Transformatio |       |     1 ||     1
  Use: Scroll            |     6 |     2 ||     8
       Potion            |       |     1 ||     1
 Stab: Sleeping          |     1 |       ||     1
  Eat: Chunk             |     3 |     3 ||     6
